 Dungeon Crawl Stone Soup version 0.29.1-15-g9cfb28693d (webtiles) character file.

Game seed: 10330630432282821450

365 croobank the Firebug (level 6, -6/41 HPs)
             Began as a Demonspawn Fire Elementalist on Apr 20, 2023.
             Mangled by Duvessa
             ... wielding a +0 rapier
              (14 damage)
             ... on level 4 of the Dungeon.
             The game lasted 00:09:23 (4551 turns).

croobank the Firebug (Demonspawn Fire Elementalist) Turns: 4551, Time: 00:09:23

Health: -6/41      AC:  7    Str:  9    XL:     6   Next: 40%
Magic:  3/10       EV: 13    Int: 18    God:
Gold:   165        SH:  4    Dex: 19    Spells: 5/11 levels left

rFire   + . .      SeeInvis .   v - +2 falchion (elec)
rCold   x . .      Faith    .   (no shield)
rNeg    . . .      Spirit   .   a - +0 robe
rPois   .          Reflect  .   (no helmet)
rElec   .          Harm     .   (no cloak)
rCorr   .          Rampage  .   (no gloves)
Will    .....      Rage     3%  n - +0 pair of boots
Stlth   +++.......              (no amulet)
HPRegen 0.13/turn               p - +6 ring of dexterity
MPRegen 0.12/turn               d - ring of fire

@: attractive, very slightly contaminated
A: icemail 1, spiny 1, condensation shield, weakness stinger 1, claws 1, berserk
1, mutation resistance 1
a: no special abilities


You were on level 4 of the Dungeon.
You visited 1 branch of the dungeon, and saw 4 of its levels.

You collected 165 gold pieces.

Inventory:

Hand Weapons
 g - a +1 short sword of flaming
 h - a +0 dagger
 t - a +0 short sword of draining
 v - a +2 falchion of electrocution (weapon)
Missiles
 j - 4 boomerangs
Armour
 a - a +0 robe (worn)
 k - an orb of guile
 n - a +0 pair of boots (worn)
 q - a +2 chain mail of willpower
 u - a +0 ring mail
Jewellery
 d - a ring of fire (right claw)
 p - a +6 ring of dexterity (left claw)
 s - a ring of see invisible
 x - a ring of flight
Scrolls
 m - 2 scrolls of immolation
 w - a scroll of teleportation
Potions
 c - a potion of haste
 e - a potion of might
 f - 2 potions of flight
 l - a potion of lignification


   Skills:
 + Level 3.2 Dodging
 + Level 3.3 Stealth
 + Level 3.2 Spellcasting
 + Level 3.0 Conjurations
 + Level 3.7 Fire Magic


You had 5 spell levels left.
You knew the following spells:

 Your Spells              Type           Power      Damage    Failure   Level
a - Foxfire               Conj/Fire      88%        2x1d8     4%          1
b - Scorch                Fire           48%        2d7       5%          2
c - Inner Flame           Hex/Fire       14%        N/A       22%         3

Your spell library contained the following spells:

 Spells                   Type           Power      Damage    Failure   Level
 Conjure Flame            Conj/Fire      22%        6-21      12%         3
 Flame Wave               Conj/Fire      22%        2d8       36%         4
 Gell's Gravitas          Tloc           2%         N/A       43%         3
 Teleport Other           Tloc           2%         N/A       43%         3
 Cause Fear               Hex            1%         N/A       85%         4
 Dispersal                Tloc           1%         N/A       100%        6
 Discord                  Hex            1%         N/A       100%        8


Dungeon Overview and Level Annotations

Branches:
Dungeon (4/15)
 Temple: D:4-7

Altars:

Annotations:
D:4 Duvessa, Natasha


Innate Abilities, Weirdness & Mutations

A meltable icy envelope protects you from harm. (AC +4)
You are partially covered in sharp spines.
A meltable shield of frost defends you. (SH +4)
You have a small tail.
You have sharp fingernails.
You sometimes lose your temper in combat.
You are somewhat resistant to further mutation.


Message History

Duvessa's fire resistance burns away.
Duvessa hits you with a +0 rapier!
Natasha, Servant of Life and Death comes into view.
Duvessa hits you with a +0 rapier!
Casting: Scorch (safe; 5% risk of failure)
Confirm with . or Enter, or press ? or * to list all spells.
You feel a surge of power!
Flames lash Duvessa.
Duvessa is burned terribly!
Duvessa is heavily wounded.
Natasha hisses angrily.
Duvessa is struck by your spines. Duvessa barely misses you.
Natasha howls an incantation.
Natasha glows brightly for a moment.
Casting: Scorch (safe; 5% risk of failure)
Confirm with . or Enter, or press ? or * to list all spells.
You feel a surge of power!
Flames lash Duvessa.
Duvessa is burned terribly!
Duvessa is heavily wounded.
Duvessa hits you with a +0 rapier!
* * * LOW HITPOINT WARNING * * *
Duvessa barely misses you.
You hit Duvessa but do no damage.
Duvessa is heavily wounded.
Duvessa hits you with a +0 rapier.
* * * LOW HITPOINT WARNING * * *
Duvessa is struck by your spines. Duvessa barely misses you.
It was a potion of mutation.
You feel extremely strange.
Your fingernails lengthen.
You feel a little pissed off.
You feel genetically stable. Duvessa is struck by your spines.
Duvessa barely misses you.
Okay, then.
It was a potion of attraction.
You feel attractive to monsters. You block Duvessa's attack.
Duvessa completely misses you.
It was a potion of heal wounds.
You feel much better. Natasha closely misses you.
Duvessa hits you with a +0 rapier.
You hit Duvessa.
Duvessa is almost dead.
Duvessa is struck by your spines. Duvessa hits you with a +0 rapier.
Natasha is struck by your spines. Natasha claws you!
* * * LOW HITPOINT WARNING * * *
Duvessa hits you with a +0 rapier!
You die...

###...........##......
..#...........###....>.
..............# ##...##
.........#...# #>.###
...§.....$..######....##
. .)....................
...#.#...##....###.#...#
#......h........#####..#
#...e@..........###.#.
##..........#....##...
##..##.....###.##..#.
##.#..#..####.....#.
#.##......##)..#.##
+.....#.#.†....####
#.............#.#
#.....#.#.#.....##
#...#......#.##...##


You could see Duvessa (berserk, combustible) and Natasha.

Vanquished Creatures
  A phantom (D:4)
  Dowan (D:4)
  An orc priest (D:3)
  A hound (D:4)
  Natasha (D:4)
  An iguana (D:4)
  4 adders
  4 dart slugs
  5 orcs (D:3)
  12 endoplasms
  4 giant cockroaches
  4 goblins
  7 hobgoblins
  3 quokkas
  8 ball pythons
  7 bats
  3 frilled lizards
  10 kobolds
  10 rats
87 creatures vanquished.

Vanquished Creatures (others)
  140 foxfires
140 creatures vanquished.

Grand Total: 227 creatures vanquished

Notes
Turn   | Place    | Note
-------+----------+-------------------------------------------
     0 | D:1      | croobank the Demonspawn Fire Elementalist began the quest
                  | for the Orb.
     0 | D:1      | Reached XP level 1. HP: 13/13 MP: 3/3
   473 | D:1      | Gained mutation: A meltable shield of frost defends you.
                  | (SH +4) [demonic ancestry]
   473 | D:1      | Reached XP level 2. HP: 19/19 MP: 1/5
   476 | D:1      | Learned a level 2 spell: Scorch
   988 | D:1      | Found a faded altar of an unknown god.
  1191 | D:1      | Gained mutation: You have a small tail. [demonic ancestry]
  1191 | D:1      | Reached XP level 3. HP: 24/24 MP: 3/6
  2295 | D:2      | Gained mutation: A meltable icy envelope protects you from
                  | harm. (AC +4) [demonic ancestry]
  2295 | D:2      | Reached XP level 4. HP: 30/30 MP: 1/7
  3296 | D:3      | Gained mutation: You are partially covered in sharp spines.
                  | [demonic ancestry]
  3296 | D:3      | Reached XP level 5. HP: 35/35 MP: 4/9
  4296 | D:4      | Learned a level 3 spell: Inner Flame
  4437 | D:4      | Noticed Natasha
  4440 | D:4      | Killed Natasha
  4442 | D:4      | Noticed a phantom
  4448 | D:4      | Killed a phantom
  4449 | D:4      | Reached XP level 6. HP: 33/41 MP: 0/10
  4534 | D:4      | Noticed Dowan
  4538 | D:4      | Killed Dowan
  4538 | D:4      | Noticed Duvessa
  4544 | D:4      | Noticed Natasha
  4548 | D:4      | Gained mutation: You have sharp fingernails. [potion of
                  | mutation]
  4548 | D:4      | Gained mutation: You sometimes lose your temper in combat.
                  | [potion of mutation]
  4548 | D:4      | Gained mutation: You are somewhat resistant to further
                  | mutation. [potion of mutation]
  4551 | D:4      | Mangled by Duvessa

Illustrated notes

Levels and vault maps discovered:
D:1:      dpeg_arrival_simpleton_c, layout_loops_ring,
          hellmonk_ecumenical_altar_lost_god
D:2:      layout_loops_corners, grunt_ministairs_9, hex_large
D:3:      layout_basic
D:4:      layout_cave_pools, pdpol_wu_jian_five_deadly_venoms,
          gammafunk_temple_overflow_claw, serial_glass, glass_columns_b,
          glass_columns_a, uniq_natasha, uniq_duvessa

Skill      XL: |  1  2  3  4  5  6 |
---------------+-------------------+-----
Stealth        | 2 3 |  3.3
Dodging        | 2 3 |  3.2
Fire Magic     | 3 |  3.7
Conjurations   | 2 3 |  3.0
Spellcasting   | 3 |  3.2

Action                   |  1- 3 |  4- 6 || total
-------------------------+-------+-------++-------
Melee: Unarmed           |    11 |       ||    11
       Short sword       |    31 |    32 ||    63
       Tailslap          |     1 |     2 ||     3
       Punch             |       |     1 ||     1
       Falchion          |       |     9 ||     9
 Cast: Foxfire           |    27 |    53 ||    80
       Scorch            |    23 |    24 ||    47
       Inner Flame       |       |     2 ||     2
  Use: Scroll            |     3 |     7 ||    10
       Potion            |       |     4 ||     4
 Stab: Sleeping          |     3 |     2 ||     5
Armor: Robe              |     7 |    12 ||    19
Dodge: Dodged            |    23 |    44 ||    67
Block: Other             |     6 |    10 ||    16
